 Dungeon Crawl Stone Soup version 0.27-a0-1105-g946c659c87 (webtiles) character file.

Game seed: 5798354649839164639

1185 kae the Agent of Entropy (level 8, 0/62 HPs)
             Began as a Demonspawn Abyssal Knight on Apr 29, 2021.
             Was a Priest of Lugonu.
             Succumbed to a scorpion's poison
             ... on level 5 of the Dungeon.
             The game lasted 00:03:51 (6741 turns).

kae the Agent of Entropy (DsAK)                     Turns: 6741, Time: 00:03:52

Health: 0/62       AC: 12    Str: 14    XL:     8   Next: 19%
Magic:  4/12       EV:  4    Int: 13    God:    Lugonu [***...]
Gold:   246        SH:  0    Dex: 14    Spells: 7/7 levels left

rFire    . . .     SeeInvis .   a - +2 falchion
rCold    . . .     Faith    .   (no shield)
rNeg     . . .     Spirit   .   e - +1 plate armour
rPois    .         Reflect  .   (helmet restricted)
rElec    .         Harm     .   (no cloak)
rCorr    .         Rampage  .   (no gloves)
Will     .....                  (no boots)
Stlth    ..........             (no amulet)
HPRegen  0.20/turn              (no ring)
MPRegen  0.13/turn              (no ring)

@: lethally poisoned (0 -> -2)
A: claws 1, horns 2, powered by death 1, demonic magic 1
a: Renounce Religion, Depart the Abyss, Bend Space, Banish


You were on level 5 of the Dungeon.
You worshipped Lugonu.
Lugonu was most pleased with you.
You visited 1 branch of the dungeon, and saw 5 of its levels.
You visited the Abyss 1 time.
You also visited: Sewer.

You collected 246 gold pieces.

Inventory:

Hand Weapons
 a - a +2 falchion (weapon)
Armour
 b - a +0 leather armour
 e - a +1 plate armour (worn)
Wands
 l - a wand of iceblast (6)
 m - a wand of paralysis (5)
Scrolls
 g - a scroll of fear
 k - a scroll of amnesia {unknown}
 n - a scroll of identify
 o - 2 scrolls of fog {unknown}
Potions
 c - 2 potions of magic
 d - a potion of degeneration {unknown}
 f - a potion of curing
 h - 2 potions of heal wounds
 i - 2 potions of brilliance
 j - a potion of attraction {unknown}


   Skills:
 + Level 5.2 Fighting
 * Level 5.9 Long Blades
 + Level 4.2 Armour
 - Level 0.8 Dodging
 + Level 6.2 Invocations


You had 7 spell levels left.
You didn't know any spells.
Your spell library contained the following spells:

 Spells                   Type           Power      Damage    Failure   Level
 Beastly Appendage        Tmut           0%         N/A       100%        1
 Wereblood                Tmut           0%         N/A       100%        2
 Spider Form              Tmut/Pois      0%         N/A       100%        3
 Ice Form                 Ice/Tmut       0%         N/A       100%        4
 Hydra Form               Tmut           0%         N/A       100%        5


Dungeon Overview and Level Annotations

Branches:
Dungeon (5/15)             Temple (0/1) D:4           Sewer (visited)

Altars:
Kikubaaqudgha
Wu Jian
Yredelemnul

Shops:
D:3 :

Annotations:
D:5 PeterMcNeter's ghost, novice OpTm
Abyss:1 Grinder; Menkaure


Innate Abilities, Weirdness & Mutations

You have sharp fingernails.
You have a pair of horns on your head.
You regenerate a little health from kills.
Spells you cast may paralyse adjacent enemies.


Message History

You hit the scorpion but do no damage.
The scorpion is severely wounded.
The hound bites you. The scorpion stings you.
* * * LOW HITPOINT WARNING * * *
You are poisoned.
The scorpion poisons you! The hound bites you.
* * * LOW HITPOINT WARNING * * *
You hit the scorpion.
The scorpion is almost dead.
You feel sick.
The scorpion stings you but does no damage.
The hound bites you but does no damage.
The scorpion stings you but does no damage.
The hound bites you.
* * * LOW HITPOINT WARNING * * *
You hit the scorpion but do no damage.
The scorpion is almost dead.
You feel sick. Menkaure hits you but does no damage.
The hound completely misses you.
You riposte.
You closely miss the hound.
You headbutt the hound, but do no damage.
The hound is severely wounded.
The scorpion stings you but does no damage.
Press: ? - help, Shift-Dir - straight line, f - Menkaure
Aim: Menkaure (fast, chance to affect: 84%) Menkaure is devoured by a tear in reality.
Lugonu claims a new guest.
You feel sick. The hound bites you but does no damage.
The scorpion stings you but does no damage.
The hound bites you but does no damage.
Your life force feels restored.
Press: ? - help, Shift-Dir - straight line, f - scorpion
Aim: a scorpion (translocational energy, almost dead, chance to affect: 84%)
You fail to use your ability.
You feel sick.
The scorpion stings you but does no damage.
The hound bites you.
* * * LOW HITPOINT WARNING * * *
Press: ? - help, Shift-Dir - straight line, f/p - scorpion
Aim: a scorpion (translocational energy, almost dead, chance to affect: 84%)
The scorpion barely resists.
You die...

............##
............#
...........## .
#### ...........#
.. ...#
..........####...
.<.#
#.........##....
...#
##.......##..#
####
....[...§...#
.##....§s@.##
#......h###
#.......†#
........#..#
........##...
.......## #...
......# M....
..... .... ....#
!###


You could see a scorpion and a hound.

Vanquished Creatures
  An ogre (D:3)
  2 phantoms
  3 wights (D:5)
  2 bullfrog zombies (D:5)
  3 hounds
  An iguana (D:4)
  2 orc wizards (D:5)
  4 adders (D:2)
  A white imp (D:5)
  2 dart slugs
  3 orcs (D:5)
  6 endoplasms
  9 giant cockroaches
  10 goblins
  10 hobgoblins
  9 jackals
  11 kobolds
  9 quokkas
  9 ball pythons
  3 bats
  7 frilled lizards
  6 rats
  A spectral orc (D:4)
114 creatures vanquished.

Vanquished Creatures (others)
  5 plants (Sewer)
5 creatures vanquished.

Grand Total: 119 creatures vanquished

Notes
Turn   | Place    | Note
-------+----------+-------------------------------------------
     0 | Abyss:1  | kae the Demonspawn Abyssal Knight began the quest for the
                  | Orb.
     0 | Abyss:1  | Reached XP level 1. HP: 18/18 MP: 2/2
   185 | Abyss:1  | Noticed a daeva
   187 | D:1      | Escaped the Abyss
   500 | D:1      | Gained mutation: You have a pair of small horns on your
                  | head. [demonic ancestry]
   500 | D:1      | Reached XP level 2. HP: 24/24 MP: 4/4
   629 | D:1      | Reached ** piety under Lugonu
  1414 | D:1      | Reached skill level 3 in Invocations
  1498 | D:2      | Reached XP level 3. HP: 25/29 MP: 5/5
  1879 | D:2      | Reached XP level 4. HP: 34/35 MP: 6/6
  2666 | D:3      | Noticed Grinder
  2782 | D:3      | Noticed a phantom
  2819 | D:2      | Killed a phantom
  2820 | D:2      | Gained mutation: Spells you cast may paralyse adjacent
                  | enemies. [demonic ancestry]
  2820 | D:2      | Reached XP level 5. HP: 14/42 MP: 7/7
  3026 | D:3      | Reached skill level 4 in Invocations
  3062 | D:3      | Found an ornate altar of the Wu Jian Council.
  3071 | D:3      | Reached *** piety under Lugonu
  3080 | D:3      | Noticed a phantom
  3112 | D:3      | Killed a phantom
  3120 | D:3      | Paralysed by Grinder for 2 turns
  3122 | D:3      | HP: 2/42 [Grinder/nerve-wracking pain (12)]
  3128 | D:3      | Banished Grinder
  3129 | D:3      | Gained mutation: You have a pair of horns on your head.
                  | [demonic ancestry]
  3129 | D:3      | Reached XP level 6. HP: 4/48 MP: 4/9
  3427 | D:3      | Reached skill level 5 in Invocations
  3427 | D:3      | Gained mutation: You regenerate a little health from kills.
                  | [demonic ancestry]
  3427 | D:3      | Reached XP level 7. HP: 36/55 MP: 10/10
  3576 | D:3      | Found Gatzuwk's Book Boutique.
  3646 | D:3      | Found a faded altar of an unknown god.
  4088 | D:4      | Found a glowing drain.
  4120 | Sewer    | Entered a sewer
  4893 | D:4      | Found a basalt altar of Yredelemnul.
  4930 | D:4      | Found an ancient bone altar of Kikubaaqudgha.
  5052 | D:4      | Found a staircase to the Ecumenical Temple.
  5118 | D:4      | Reached skill level 5 in Long Blades
  5742 | D:5      | Entered Level 5 of the Dungeon
  5785 | D:5      | Noticed PeterMcNeter's ghost (novice OpTm)
  6256 | D:5      | Reached skill level 5 in Fighting
  6574 | D:5      | Reached skill level 6 in Invocations
  6574 | D:5      | Gained mutation: You have sharp fingernails. [demonic
                  | ancestry]
  6574 | D:5      | Reached XP level 8. HP: 29/55 MP: 4/12
  6726 | D:5      | Noticed Menkaure
  6739 | D:5      | Banished Menkaure
  6740 | D:5      | HP: 1/62 [hound (3)]
  6741 | D:5      | Succumbed to a scorpion's poison

Illustrated notes

Levels and vault maps discovered:
D:1:      dpeg_arrival_round_b, layout_loops_ring
D:2:      minmay_diamond_boxcup, layout_basic
D:3:      layout_basic, nicolae_wu_jian_wuxing_cycle, basic_ecumenical_altar,
          serial_shops, shop, uniq_grinder
D:4:      layout_loops_ring, overflow_temple_1_default,
          yredelemnul_forgotten_temple_becter,
          minmay_temple_entry_enclosed_plants, gup_sewer_entry_pipe
D:5:      layout_cave_pods, general_overflow_altar, gammafunk_ghost_split,
          minivault_4, grunt_ministairs_14, uniq_menkaure

Skill      XL: |  1  2  3  4  5  6  7 |
---------------+----------------------+-----
Long Blades    | 2 3 4 5 |  5.9
Armour         | 2 3 4 |  4.2
Invocations    | 3 4 5 6 |  6.2
Fighting       | 4 5 |  5.2
Dodging        | |  0.8

Action                   |  1- 3 |  4- 6 |  7- 9 || total
-------------------------+-------+-------+-------++-------
Melee: Falchion          |   120 |   111 |   217 ||   448
       Headbutt          |    10 |    23 |    35 ||    68
Invok: Banish            |       |     1 |     6 ||     7
  Use: Scroll            |     1 |     2 |    10 ||    13
       Potion            |       |     1 |       ||     1
Armor: Leather armour    |    15 |       |       ||    15
       Plate armour      |    67 |    84 |   166 ||   317
Dodge: Dodged            |    57 |    17 |    33 ||   107
       Rpst.: Falchion   |    22 |     5 |     8 ||    35

Table legend: (Time is in decaauts)
 A = Elapsed time spent in this place.
 B = Non-inter-level travel time spent in this place.
 C = Inter-level travel time spent in this place.
 D = Time resting spent in this place.
 E = Time spent auto-exploring this place.
 F = Levels seen in this place.
 G = Mean time per level.
                   A        B        C        D        E       F      G
               +--------+--------+--------+--------+--------+-----+--------+
         Total |   6959 |   6816 |    143 |    798 |   5040 |   7 |  994.1 |
       Dungeon |   5932 |   5789 |    143 |    656 |   4272 |   5 | 1186.4 |
         Abyss |    187 |    187 |      0 |    142 |     40 |   1 |  187.0 |
         Sewer |    839 |    839 |      0 |      0 |    727 |   1 |  839.0 |
               +--------+--------+--------+--------+--------+-----+--------+

Top non-repeatable levels by time:
     D:2: 1492 daAuts
     D:1: 1270 daAuts
     D:4: 1124 daAuts
     D:3: 1041 daAuts
     D:5: 1003 daAuts
   Sewer: 839 daAuts
 Abyss:1: 187 daAuts
